 Dungeon Crawl Stone Soup version 0.26-a0-540-g8a0c9464d7 (webtiles) character file.

Game seed: 3159009607522575712

30695 Inarius the Severer (level 13, 0/114 HPs)
             Began as a Hill Orc Chaos Knight on Aug 25, 2020.
             Was a Plaything of Xom.
             Slain by an earth elemental (19 damage)
             ... in a volcano.
             The game lasted 00:33:15 (17562 turns).

Inarius the Severer (Hill Orc Chaos Knight)        Turns: 17562, Time: 00:33:15

Health: 0/114      AC: 22    Str: 25    XL:     13   Next: 53%
Magic:  13/13      EV:  9    Int: 12    God:    Xom [.....*]
Gold:   734        SH: 16    Dex: 14    Spells: 12/12 levels left

rFire    + . .     SeeInvis .   y - +4 hand axe (venom)
rCold    . . .     Faith    .   j - +0 kite shield
rNeg     . . .     Spirit   .   M - +2 scale mail {rF+}
rPois    .         Reflect  +   E - +1 helmet of the Trees {Str+3}
rElec    .         Harm     .   L - +0 cloak
rCorr    .                      (no gloves)
MR       +....                  o - +0 pair of boots
Stlth    ..........             n - amulet of reflection
HPRegen  0.29/turn              b - ring of protection from magic
MPRegen  0.13/turn              s - +4 ring of protection

@: mighty, very slightly contaminated
A: slimy green scales 1, agile 2, blurry vision 1, strong 1
a: Renounce Religion


You were in a volcano.
You worshipped Xom.
You were Xom's teddy bear.
You visited 2 branches of the dungeon, and saw 16 of its levels.
You also visited: Bailey and Volcano.

You collected 1408 gold pieces.
You spent 674 gold pieces at shops.

Inventory:

Hand Weapons
 h - a +2 vorpal battleaxe
 y - a +4 hand axe of venom (weapon)
 I - the +10 mace "Velamnac" {flame, +Inv +Fly rF- Dex-5}
   (You found it on level 1 of the Lair of Beasts)

   It has been specially enchanted to burn those struck by it, causing extra
   injury to most foes and up to half again as much damage against particularly
   susceptible opponents.
   It affects your dexterity (-5).
   It makes you vulnerable to fire.
   It lets you turn invisible.
   It lets you fly.
Missiles
 P - 3 silver javelins (quivered)
Armour
 j - a +0 kite shield (worn)
 o - a +0 pair of boots (worn)
 p - a +3 leather armour of cold resistance
 q - a +0 plate armour
 x - a +0 chain mail of poison resistance
 E - the +1 helmet of the Trees (worn) {Str+3}
   (You bought it in a shop on level 11 of the Dungeon)

   It affects your strength (+3).
 L - a +0 cloak (worn)
 M - a +2 scale mail of fire resistance (worn)
Jewellery
 b - a ring of protection from magic (left hand)
 n - an amulet of reflection (around neck)
 s - a +4 ring of protection (right hand)
 w - an uncursed ring of poison resistance
 B - an uncursed ring of flight
Wands
 c - a wand of digging (3)
 J - a wand of polymorph (8)
Scrolls
 a - a scroll of blinking
 d - 11 scrolls of teleportation
 g - a scroll of vulnerability
 l - 8 scrolls of remove curse
 r - a scroll of fog
 t - 2 scrolls of noise
 v - a scroll of holy word {unknown}
 G - 2 scrolls of amnesia
 H - 3 scrolls of enchant armour
 Q - a scroll of enchant weapon {unknown}
Potions
 e - 3 potions of curing
 k - a potion of resistance
 z - 6 potions of might
 A - a potion of stabbing
 C - a potion of flight
 D - 2 potions of brilliance
 F - a potion of magic {unknown}
 K - a potion of haste
Miscellaneous
 i - a lightning rod (1/4)


   Skills:
 + Level 10.6 Fighting
 * Level 19.0 Axes
 + Level 10.4 Armour
 - Level 1.5 Dodging
 - Level 0.1 Stealth
 + Level 6.0 Shields
 * Level 9.1 Evocations


You had 12 spell levels left.
You didn't know any spells.
Your spell library contained the following spells:

 Spells                   Type           Power        Failure   Level
 Poisonous Vapours        Pois/Air       #.....       97%         2
 Conjure Flame            Conj/Fire      #.......     99%         3
 Mephitic Cloud           Conj/Pois/Air  #.......     99%         3
 Freezing Cloud           Conj/Ice/Air   #.........   100%        6


Dungeon Overview and Level Annotations

Branches:
Dungeon (11/15)            Temple (0/1) D:6            Lair (5/6) D:8
 Shoals (0/4) Lair:2        Snake (0/4) Lair:4          Orc (0/2) D:10
 Bailey (visited)         Volcano (1/1)
  Slime: Lair:5-6

Altars:
Cheibriados
Dithmenos
Gozag
Okawaru
Ru
Trog
Uskayaw
Wu Jian
Xom
Yredelemnul
Zin

Shops:
D:5 *   D:10 (   D:11 [


Innate Abilities, Weirdness & Mutations

You are partially covered in slimy green scales. (AC +2)
You are very agile. (Dex +4)
Scrolls take you a little longer to read.
Your muscles are strong. (Str +2)


Message History

The thunderbolt hits the stone giant!!
You kill the stone giant!
Your Axes skill increases to level 19!
Your Shields skill increases to level 6!
The thunderbolt hits the molten gargoyle!
The molten gargoyle resists.
You destroy the molten gargoyle!
Unknown command.
There is a rocky tunnel leading out of this place here. "This place needs a little more atmosphere."
There is an open door, spattered with blood here.
You see here 4 large rocks.
You flicker back into view.
Things that are here:
a +0 mace; 2 large rocks The air gets thick with the scent of sulphur.
There is an open door here.
The earth elemental hits you!!
You die... "What!?
That's it?"

########+########
##....##...##....##
#......+.∩.+.)....#
#.8..⌠.#...#.⌠..8.#
#......##(##......#
##....##.§)##....##
###8###°..###8###
##)![#§_.#)![#
#.[E@§...'$$(.
#######.####### ###


You could see an earth elemental.

Vanquished Creatures
  A stone giant (Volcano)
  Josephine (D:10)
  A hydra (Lair:2)
  A two-headed ogre (D:11)
  2 orc knights (Bailey)
  A cyclops (D:11)
  2 black mambas
  A molten gargoyle (Volcano)
  A gargoyle (Volcano)
  A centaur skeleton (D:10)
  5 cane toads
  A rime drake (Lair:4)
  A torpor snail (Lair:4)
  7 komodo dragons
  An efreet (Volcano)
  A hornet (shapeshifter) (D:11)
  3 polar bears (Lair:1)
  A troll (D:11)
  A snapping turtle (Lair:2)
  3 hippogriffs
  Grinder (D:3)
  Prince Ribbit (D:9)
  6 dream sheep (Lair:4)
  3 shadows (D:10)
  A redback (D:9)
  Sigmund (D:3)
  6 wraiths
  2 wyverns
  3 basilisks
  3 fire bats (Volcano)
  A steam dragon (Lair:4)
  17 yaks
  Eustachio (D:5)
  4 nagas (Lair:4)
  A two-headed ogre zombie (D:10)
  Duvessa (D:5)
  4 porcupines
  7 water moccasins
  2 hell hounds (Lair:5)
  11 ice beasts
  11 orc warriors
  2 black bears
  7 ogres
  2 phantoms
  4 wolves (Lair:3)
  11 crocodiles
  7 centaurs
  4 big kobolds
  A gnoll sergeant (D:9)
  12 bullfrogs
  2 earth elementals (Volcano)
  Dowan (D:5)
  2 troll zombies (D:10)
  7 scorpions
  8 wights
  14 killer bees
  A howler monkey (D:5)
  6 electric eels
  7 lava snakes (Volcano)
  4 jellies
  10 orc priests
  3 bullfrog skeletons
  6 hounds
  12 orc wizards
  Ijyb (D:3)
  4 iguanas
  9 worker ants
  A killer bee zombie (D:6)
  5 ogre zombies (D:10)
  A hound zombie (D:11)
  2 hound skeletons
  A worker ant zombie (D:11)
  A howler monkey zombie (D:6)
  12 adders
  6 gnolls
  3 shadow imps
  A white imp (D:7)
  An ufetubus (D:5)
  An adder skeleton (D:8)
  4 worms (D:2)
  2 dart slugs (D:1)
  2 leopard geckos
  62 orcs
  3 giant cockroaches
  14 goblins
  9 hobgoblins
  8 jackals
  4 quokkas
  2 ball pythons
  3 bats
  8 frilled lizards
  A giant cockroach zombie (D:5)
  2 goblin skeletons (D:10)
  4 goblin zombies (D:10)
  A hobgoblin skeleton (D:10)
  3 hobgoblin zombies (D:10)
  A jackal skeleton (D:4)
  28 kobolds
  A leopard gecko skeleton (D:6)
  3 orc skeletons (D:10)
  12 orc zombies (D:10)
  8 rats
  4 fungi
  A plant (D:9)
495 creatures vanquished.

Vanquished Creatures (collateral kills)
  A komodo dragon (Lair:2)
  A polar bear (Lair:1)
  A fire bat (Volcano)
  An orc warrior (D:9)
  An ice beast (D:6)
  A wolf (Lair:3)
  A crocodile (Lair:3)
  3 orcs
  A ball python (D:3)
11 creatures vanquished.

Vanquished Creatures (others)
  A dancing weapon (Bailey)
  A fire elemental (Volcano)
  A leopard gecko (D:9)
  An orc (D:3)
  A kobold (D:3)
  5 plants
10 creatures vanquished.

Grand Total: 516 creatures vanquished

Notes
Turn   | Place    | Note
-------+----------+-------------------------------------------
     0 | D:1      | Inarius the Hill Orc Chaos Knight began the quest for the
                  | Orb.
     0 | D:1      | Reached XP level 1. HP: 19/19 MP: 1/1
    82 | D:1      | Reached skill level 1 in Dodging
    97 | D:1      | Reached XP level 2. HP: 27/27 MP: 2/2
   234 | D:1      | XOM: silly message
   247 | D:1      | XOM: silly message
   578 | D:1      | Reached XP level 3. HP: 33/33 MP: 3/3
   616 | D:1      | Reached skill level 5 in Axes
   669 | D:1      | XOM: divination: detect creatures
  1096 | D:2      | XOM: stealth player
  1396 | D:2      | Reached XP level 4. HP: 16/41 MP: 4/4
  1413 | D:2      | HP: 2/41 [poisoned by an adder]
  1435 | D:2      | XOM: divination: detect creatures
  1725 | D:2      | XOM: god gift: robe {god gift}
  1731 | D:2      | XOM: cast spell 'Alistair's Intoxication'
  1985 | D:2      | XOM: silly message
  2191 | D:2      | XOM: confusion (+ monsters)
  2192 | D:2      | Reached skill level 6 in Axes
  2532 | D:2      | Reached XP level 5. HP: 43/47 MP: 5/5
  2661 | D:2      | Found an iron altar of Okawaru.
  2733 | D:3      | Noticed Grinder
  3128 | D:3      | XOM: silly message
  3160 | D:3      | Reached skill level 7 in Axes
  3222 | D:3      | XOM: summons friendly shadow imp
  3229 | D:3      | XOM: 1-stop teleportation journey
  3271 | D:3      | Reached XP level 6. HP: 24/53 MP: 6/6
  3464 | D:3      | Noticed Ijyb
  3474 | D:3      | Paralysed by Ijyb for 6 turns
  3481 | D:3      | Killed Ijyb
  3678 | D:3      | XOM: noise
  3687 | D:3      | XOM: noise
  3698 | D:3      | XOM: enchant monster (bad)
  3712 | D:3      | Killed Grinder
  3712 | D:3      | Reached skill level 8 in Axes
  3712 | D:3      | Reached skill level 1 in Evocations
  3712 | D:3      | Reached XP level 7. HP: 33/60 MP: 7/7
  3722 | D:3      | XOM: 2-stop teleportation journey
  3899 | D:3      | Noticed Sigmund
  3913 | D:3      | Killed Sigmund
  3913 | D:3      | Reached skill level 5 in Fighting
  4221 | D:4      | Found a bloodstained altar of Trog.
  4223 | D:4      | Found a basalt altar of Yredelemnul.
  4249 | D:4      | Reached skill level 9 in Axes
  4846 | D:5      | Entered Level 5 of the Dungeon
  4865 | D:5      | Found Piliaps's General Store.
  4890 | D:5      | Reached XP level 8. HP: 60/68 MP: 8/8
  5041 | D:5      | Noticed Eustachio
  5044 | D:5      | XOM: summons friendly ufetubus
  5050 | D:5      | Killed Eustachio
  5053 | D:5      | XOM: destruction
  5083 | D:5      | Found a sacrificial altar of Ru.
  5114 | D:5      | Reached skill level 10 in Axes
  5424 | D:5      | Noticed Duvessa
  5427 | D:5      | Noticed Dowan
  5445 | D:5      | Killed Dowan
  5489 | D:5      | Killed Duvessa
  5719 | D:5      | Found a shimmering altar of Xom.
  5823 | D:5      | XOM: god gift: 13 stones
  5854 | D:5      | XOM: stat loss: -1 Str (14/17)
  6266 | D:5      | XOM: torment (36/70 hp)
  6597 | D:6      | Reached skill level 11 in Axes
  6602 | D:6      | Reached skill level 5 in Armour
  6618 | D:6      | XOM: silly message
  6628 | D:5      | Bought a +2 vorpal battleaxe for 238 gold pieces
  6804 | D:6      | Found a staircase to the Ecumenical Temple.
  6808 | D:6      | XOM: 1-stop teleportation journey
  6812 | D:6      | XOM: 2-stop teleportation journey
  6815 | D:6      | XOM: summons 3 hostile shadow creatures
  6829 | D:6      | XOM: summons 6 friendly demons
  6832 | D:6      | Reached XP level 9. HP: 29/75 MP: 9/9
  7294 | D:6      | Got a transparent dagger
  7295 | D:6      | Identified the +8 dagger "Syekiw" {vorpal, *Corrode rF++
                  | Str+2 Stlth+} (You found it on level 6 of the Dungeon)
  7570 | D:6      | Reached skill level 12 in Axes
  8120 | D:7      | Found a hide-covered altar of Uskayaw.
  8264 | D:7      | XOM: noise
  8400 | D:7      | XOM: 2-stop teleportation journey
  8517 | D:7      | Found an opulent altar of Gozag.
  8517 | D:7      | Found a glowing silver altar of Zin.
  8563 | D:8      | XOM: confuse monster(s)
  8571 | D:8      | XOM: divination: detect creatures
  8574 | D:8      | Reached skill level 13 in Axes
  8634 | D:8      | Found a flagged portal.
  8700 | Bailey   | Entered a bailey
  8700 | Bailey   | Noticed an orc knight
  8704 | Bailey   | XOM: enchant monster (bad)
  8704 | Bailey   | Noticed an orc knight
  8711 | Bailey   | XOM: cast spell 'Olgreb's Toxic Radiance'
  8739 | Bailey   | XOM: cast spell 'Metabolic Englaciation'
  8741 | Bailey   | XOM: confuse monster(s)
  8741 | Bailey   | Reached XP level 10. HP: 57/84 MP: 10/10
  8741 | Bailey   | Killed an orc knight
  8741 | Bailey   | Reached skill level 5 in Evocations
  8741 | Bailey   | Reached skill level 14 in Axes
  8760 | Bailey   | XOM: potion effect (heal wounds)
  8768 | Bailey   | XOM: enchant monster (good)
  8796 | Bailey   | XOM: summons friendly shadow imp
  8807 | Bailey   | XOM: noise
  8816 | Bailey   | XOM: summons friendly ufetubus
  8823 | Bailey   | Gained mutation: Your natural rate of healing is unusually
                  | fast. [potion of mutation]
  8823 | Bailey   | Gained mutation: You are agile. (Dex +2) [potion of
                  | mutation]
  8998 | Bailey   | Killed an orc knight
  9121 | D:8      | XOM: confuse monster(s)
  9430 | D:8      | Found a staircase to the Lair.
  9482 | D:8      | Found a snail-covered altar of Cheibriados.
  9547 | D:8      | Found an ornate altar of the Wu Jian Council.
  9806 | D:9      | XOM: torment (44/86 hp)
  9857 | D:9      | XOM: god gift: scroll labeled KOGREY IQISS {god gift}
 10038 | D:9      | XOM: potion effect (might)
 10042 | D:9      | XOM: summons 10 friendly demons
 10043 | D:9      | Reached skill level 15 in Axes
 10093 | D:9      | XOM: noise
 10166 | D:9      | Noticed a two-headed ogre
 10183 | D:9      | a two-headed ogre changed into a redback
 10183 | D:9      | XOM: polymorph two-headed ogre -> redback
 10338 | D:8      | XOM: scenery: create altars
 10340 | D:9      | Noticed Prince Ribbit
 10352 | D:9      | Killed Prince Ribbit
 10352 | D:9      | Reached XP level 11. HP: 84/92 MP: 11/11
 10484 | D:9      | XOM: give mutations
 10484 | D:9      | Gained mutation: You possess an exceptional clarity of
                  | mind. [Xom's grace]
 10484 | D:9      | Gained mutation: You are partially covered in slimy green
                  | scales. (AC +2) [Xom's grace]
 10577 | D:9      | XOM: cast spell 'Summon Hydra'
 10836 | D:10     | Entered Level 10 of the Dungeon
 10911 | D:10     | Found a staircase to the Orcish Mines.
 10919 | D:10     | Reached skill level 16 in Axes
 11163 | D:10     | Found Eskicaol's Weapon Boutique.
 11441 | D:10     | XOM: 1-stop teleportation journey
 11651 | D:10     | XOM: 3-stop teleportation journey
 11652 | D:10     | Noticed Josephine
 11668 | D:10     | Killed Josephine
 11668 | D:10     | Reached skill level 17 in Axes
 11755 | D:10     | XOM: give mutations
 11755 | D:10     | Gained mutation: Your muscles are strong. (Str +2) [Xom's
                  | mischief]
 11755 | D:10     | Lost mutation: You possess an exceptional clarity of mind.
                  | [Xom's mischief]
 11755 | D:10     | Gained mutation: Armour fits poorly on your strangely
                  | shaped body. [Xom's mischief]
 11967 | D:10     | XOM: scenery: 2 doors close
 12117 | D:11     | Found Cin Lull's Armour Boutique.
 12117 | D:11     | XOM: 5-stop teleportation journey
 12118 | D:11     | Noticed a two-headed ogre
 12125 | D:11     | Killed a two-headed ogre
 12194 | D:11     | XOM: 1-stop teleportation journey
 12307 | D:11     | XOM: god gift: dagger {god gift}
 12338 | D:11     | Bought the +1 helmet of the Trees {Str+3} for 364 gold
                  | pieces
 12343 | D:11     | Bought a +0 buckler for 72 gold pieces
 12373 | D:11     | XOM: noise
 12438 | D:11     | XOM: enchant monster (bad)
 12452 | D:11     | Noticed a cyclops
 12462 | D:11     | Killed a cyclops
 12635 | D:11     | Found a shadowy altar of Dithmenos.
 12663 | D:11     | Reached skill level 1 in Shields
 12665 | D:11     | Reached XP level 12. HP: 102/103 MP: 12/12
 12825 | D:11     | XOM: torment (46/103 hp)
 13058 | D:11     | XOM: polymorph salamander -> shapeshifter
 13060 | D:11     | XOM: summons 3 hostile demons
 13625 | Lair:1   | Entered Level 1 of the Lair of Beasts
 13669 | Lair:1   | Found an ornate altar of the Wu Jian Council.
 13696 | Lair:1   | XOM: fog
 13919 | Lair:1   | XOM: enchant monster (good)
 14030 | Lair:1   | XOM: repel stairs
 14044 | Lair:1   | Reached skill level 18 in Axes
 14070 | Lair:1   | XOM: stat loss: -1 Str (24/25)
 14094 | Lair:1   | Got a bloodstained mace
 14095 | Lair:1   | Identified the +10 mace "Velamnac" {flame, +Inv +Fly rF-
                  | Dex-5} (You found it on level 1 of the Lair of Beasts)
 14103 | Lair:1   | XOM: 4-stop teleportation journey
 14120 | Lair:1   | XOM: swap monsters
 14485 | Lair:2   | XOM: confusion
 14553 | Lair:1   | XOM: summons 7 hostile demons
 14624 | Lair:2   | XOM: silly message
 14742 | Lair:2   | XOM: cleaving
 14778 | Lair:2   | XOM: swap monsters
 14858 | Lair:2   | Noticed an eight-headed hydra
 14878 | Lair:2   | Killed an eight-headed hydra
 14967 | Lair:2   | XOM: give mutation
 14967 | Lair:2   | Gained mutation: Your body sometimes deteriorates upon
                  | taking damage. [Xom's mischief]
 15061 | Lair:2   | Found a staircase to the Shoals.
 15321 | Lair:2   | XOM: cast spell 'Summon Mana Viper'
 15491 | Lair:3   | XOM: confusion (+ monsters)
 15626 | Lair:3   | XOM: give mutation
 15626 | Lair:3   | Gained mutation: You are very agile. (Dex +4) [Xom's grace]
 15727 | Lair:3   | XOM: potion effect (stabbing)
 15816 | Lair:3   | Reached skill level 10 in Fighting
 15825 | Lair:3   | XOM: divination: detect items
 15861 | Lair:3   | XOM: cast spell 'Call Canine Familiar'
 15871 | Lair:3   | Reached XP level 13. HP: 80/113 MP: 13/13
 15948 | Lair:3   | XOM: silly message
 15957 | Lair:3   | XOM: smoke on damage
 16036 | Lair:3   | XOM: silly message
 16708 | Lair:4   | Reached skill level 10 in Armour
 16780 | Lair:4   | Reached skill level 5 in Shields
 16799 | Lair:4   | XOM: enchant monster (good)
 16815 | Lair:4   | Found a staircase to the Snake Pit.
 16882 | Lair:4   | XOM: silly message
 16925 | Lair:4   | XOM: silly message
 17262 | Lair:5   | XOM: potion effect (stabbing)
 17283 | Lair:5   | Found a dark tunnel.
 17307 | Volcano  | Entered a volcano
 17378 | Volcano  | XOM: cast spell 'Summon Mana Viper'
 17400 | Volcano  | XOM: give mutations
 17400 | Volcano  | Lost mutation: Your body sometimes deteriorates upon taking
                  | damage. [Xom's mischief]
 17400 | Volcano  | Lost mutation: Your natural rate of healing is unusually
                  | fast. [Xom's mischief]
 17400 | Volcano  | Gained mutation: Scrolls take you a little longer to read.
                  | [Xom's mischief]
 17400 | Volcano  | Lost mutation: Armour fits poorly on your strangely shaped
                  | body. [Xom's mischief]
 17499 | Volcano  | Noticed a stone giant
 17521 | Volcano  | XOM: scenery: 1 fountains blood, 1 doors close
 17523 | Volcano  | XOM: scenery: 1 doors open
 17533 | Volcano  | Found a burning altar of Makhleb.
 17534 | Volcano  | XOM: scenery: 2 doors open, 3 doors close
 17543 | Volcano  | HP: 2/114 [stone giant/large rock (29)]
 17554 | Volcano  | Killed a stone giant
 17554 | Volcano  | Reached skill level 19 in Axes
 17557 | Volcano  | XOM: cloud trail
 17562 | Volcano  | Slain by an earth elemental

Illustrated notes

Levels and vault maps discovered:
D:1:      dpeg_arrival_shrine, layout_basic, minmay_misc_feat_encased
D:2:      layout_loops_ring, lemuel_crystal_altar, minmay_splitting_lines,
          bh_walls_and_bars
D:3:      layout_basic, st_stairs_9, grunt_decor_resistance, uniq_ijyb,
          uniq_grinder, uniq_sigmund
D:4:      minmay_evil_eye, layout_loops_ring, grunt_temple_overflow_open,
          corexii_shack
D:5:      layout_layer_cave, marbit_many_paths, serial_shops, shop,
          nicolae_ru_path_of_blood, uniq_eustachio, uniq_duvessa
D:6:      layout_gridville, minmay_temple_entry_fiery,
          minmay_fractal_squares_diagonal_5
D:7:      layout_rooms, grunt_temple_overflow_gold_and_silver,
          nicolae_overflow_hidden_temple
D:8:      layout_cave_pools, lemuel_doored_altar, cheibriados_altar_1,
          lair_entry_dummy, enter_bailey_3, minmay_unpleasant_kobolds
D:9:      layout_roguey, serial_bayou_lake_a, uniq_prince_ribbit1
D:10:     layout_roguey, zombieorc2_lemuel, serial_shops,
          nicolae_shop_behind_doors, uniq_josephine
D:11:     layout_basic, serial_shops, shop, grunt_dithmenos_shadows
Lair:1:   layout_roguey, basic_altar, cheibrodos_lair_lostbears
Lair:2:   layout_roguey, minmay_shoals_entry_hut,
          portal_ice_cave_entry_ice_beasts, infiniplex_staircase_pool_2,
          grunt_megastairs_4, serial_bayou_shore_a
Lair:3:   layout_misc_corridors, serial_bayou_shore_b, serial_bayou_shore_b
Lair:4:   layout_cave_shapes, minmay_snake_entry_guardpost_small
Lair:5:   cheibrodos_lair_overgrown_chateau, layout_cave_pods, enter_volcano_3
Volcano:  volcano_grotto [vgs_many_chambers]

Skill      XL: |  1  2  3  4  5  6  7  8  9 10 11 12 13 |
---------------+----------------------------------------+-----
Dodging        | 1 |  1.5
Fighting       | 4 5 6 7 8 10 | 10.6
Axes           | 5 6 7 8 9 11 13 15 17 18 19 | 19.0
Armour         | 3 4 5 6 7 9 10 | 10.4
Evocations     | 1 2 3 4 6 7 8 9 |  9.1
Shields        | 1 4 6 |  6.0
Stealth        | |  0.1

Action                   |  1- 3 |  4- 6 |  7- 9 | 10-12 | 13-15 || total
-------------------------+-------+-------+-------+-------+-------++-------
Melee: Hand axe          |   125 |   196 |   200 |   461 |   231 ||  1213
       Battleaxe         |       |       |   149 |   302 |       ||   451
Evoke: Wand              |       |     1 |    22 |    18 |     4 ||    45
       Lightning rod     |       |       |       |     5 |     3 ||     8
  Use: Potion            |     2 |       |     4 |     5 |     4 ||    15
       Scroll            |       |     3 |     5 |    12 |     4 ||    24
 Stab: Paralysed         |       |     2 |     6 |       |       ||     8
       Confused          |       |     4 |       |     2 |       ||     6
       Petrified         |       |       |     5 |       |       ||     5
       Sleeping          |       |       |       |     1 |       ||     1
       Invisible         |       |       |       |       |     1 ||     1
Armor: Leather armour    |    36 |    58 |       |       |       ||    94
       Chain mail        |       |     9 |   202 |   236 |    39 ||   486
       Plate armour      |       |       |       |    85 |       ||    85
       Scale mail        |       |       |       |       |    22 ||    22
Dodge: Dodged            |    77 |   128 |    90 |   228 |    48 ||   571
Block: Other             |       |       |    43 |    65 |       ||   108
       Reflection        |       |       |     1 |     5 |     9 ||    15
       Buckler           |       |       |       |   163 |    40 ||   203
       Kite shield       |       |       |       |       |    80 ||    80

Table legend: (Time is in decaauts)
 A = Elapsed time spent in this place.
 B = Non-inter-level travel time spent in this place.
 C = Inter-level travel time spent in this place.
 D = Time resting spent in this place.
 E = Time spent auto-exploring this place.
 F = Levels seen in this place.
 G = Mean time per level.
                   A        B        C        D        E       F      G
               +--------+--------+--------+--------+--------+-----+--------+
         Total |  17319 |  16037 |   1282 |   1887 |  10645 |  18 |  962.2 |
       Dungeon |  13339 |  12272 |   1067 |   1656 |   8404 |  11 | 1212.6 |
          Lair |   3398 |   3184 |    214 |     70 |   2240 |   5 |  679.6 |
        Bailey |    343 |    343 |      0 |    104 |      0 |   1 |  343.0 |
       Volcano |    237 |    237 |      0 |     57 |      0 |   1 |  237.0 |
               +--------+--------+--------+--------+--------+-----+--------+

Top non-repeatable levels by time:
     D:2: 2136 daAuts
     D:5: 1926 daAuts
    D:11: 1477 daAuts
     D:6: 1192 daAuts
     D:1: 1102 daAuts
     D:8: 1086 daAuts
     D:9: 1067 daAuts
  Lair:2: 985 daAuts
    D:10: 980 daAuts
  Lair:3: 920 daAuts
  Lair:1: 893 daAuts
     D:3: 835 daAuts
     D:7: 780 daAuts
     D:4: 753 daAuts
  Lair:4: 549 daAuts
